 Dungeon Crawl Stone Soup version 0.31.0-11-ge490571c62 (webtiles) character file.

Game seed: 2486694225795563704

347 jestert79 the Blocker (level 6, 0/70 HPs)
             Began as a Gnoll Wanderer on Jan 29, 2024.
             Slain by a river rat (2 damage)
             ... in a sewer.
             The game lasted 00:08:10 (3282 turns).

jestert79 the Blocker (Gnoll Wanderer)              Turns: 3282, Time: 00:08:10

Health: 0/70       AC: 26    Str: 17    XL:     6   Next: 59%
Magic:  9/9        EV:  2    Int: 10    God:
Gold:   319        SH:  5    Dex:  9    Spells: 9/9 levels left

rFire   + + .        a - +2 whip (elec)
rCold   + . .        b - +0 buckler {AC+3}
rNeg    . . .        p - melded +3 leather armour
rPois   +            o - melded +0 helmet
rElec   +            (cloak currently unavailable)
rCorr   +            q - melded +0 pair of gloves
SInv    .            r - melded +0 pair of boots
Will    .....        (no amulet)
Stlth   ++           m - ring of protection from fire
HPRegen 0.31/turn    (no ring)
MPRegen 0.11/turn

%: no passive effects
@: brilliant, tree-form, resistant
A: stationary, stasis, torment immunity, boosted hp, (fangs 1), strong nose,
distributed training, (horns 1), (large bone plates 1)
a: no special abilities


You were in a sewer.
You were a tree.
You visited 1 branch of the dungeon, and saw 5 of its levels.
You also visited: Sewer.

You collected 319 gold pieces.

Inventory:

Hand Weapons
 a - a +2 whip of electrocution (weapon)
 f - a +0 sling
 g - a +1 mace
Armour
 b - a +0 buckler of protection (worn)
 o - a +0 helmet (melded)
 p - a +3 leather armour (melded)
 q - a +0 pair of gloves (melded)
 r - a +0 pair of boots (melded)
Jewellery
 m - a ring of protection from fire (left branch)
Scrolls
 c - a scroll of butterflies
 e - a scroll of torment
 j - 2 scrolls of amnesia {unknown}
 k - 2 scrolls of noise {unknown}
 l - a scroll of vulnerability {unknown}
 n - a scroll of enchant weapon {unknown}
 s - a scroll of teleportation
 v - a scroll of immolation
 w - a scroll of blinking {unknown}
 x - 2 scrolls of identify {unknown}
Potions
 t - a potion of resistance


   Skills:
 + Level 3.3 Fighting
 + Level 2.1 Short Blades
 + Level 2.1 Long Blades
 + Level 2.1 Axes
 + Level 6.9 Maces & Flails
 + Level 2.1 Polearms
 + Level 2.1 Staves
 + Level 2.1 Ranged Weapons
 + Level 3.3 Throwing
 + Level 2.1 Armour
 + Level 2.1 Dodging
 + Level 3.2 Stealth
 + Level 8.8 Shields
 + Level 2.1 Unarmed Combat
 + Level 2.1 Spellcasting
 + Level 1.6 Conjurations
 + Level 1.6 Hexes
 + Level 1.6 Summonings
 + Level 1.6 Necromancy
 + Level 1.6 Translocations
 + Level 1.6 Fire Magic
 + Level 1.6 Ice Magic
 + Level 1.6 Air Magic
 + Level 1.6 Earth Magic
 + Level 1.6 Alchemy
 + Level 2.3 Invocations
 + Level 2.1 Evocations
 + Level 1.9 Shapeshifting


You had 9 spell levels left.
You didn't know any spells.
Your spell library contained the following spells:

 Spells                   Type           Power      Damage    Failure   Level
 Mercury Vapours          Alch/Air       12%        N/A       28%         2
 Mephitic Cloud           Conj/Alch/Air  6%         N/A       50%         3
 Alistair's Intoxication  Alch           4%         N/A       99%         5
 Borgnjor's Vile Clutch   Necr/Erth      3%         N/A       99%         5
 Freezing Cloud           Conj/Ice/Air   3%         6-21      99%         5
 Eringya's Noxious Bog    Alch           3%         4d6       100%        6


Dungeon Overview and Level Annotations

Branches:
Dungeon (5/15)              Sewer (1/1)
 Temple: D:4-7

Altars:
Cheibriados


Innate Abilities, Weirdness & Mutations

You are a tree.
Your roots penetrate the ground, keeping you stationary.
You cannot be teleported.
You are immune to unholy pain and torment.
Your maximum health is greatly increased.
Your equipment is partially melded.
((You have very sharp teeth.))
Your uncanny sense of smell can sniff out nearby items.
Your experience applies equally to all skills.
((You have a pair of small horns on your head.))
((You are partially covered in large bone plates. (SH +4)))


Message History

* * * LOW HITPOINT WARNING * * *
The river rat bites you but does no damage.
Unknown command.
Unknown command.
It was a potion of mutation.
You feel extremely strange. A pair of horns grows on your head!
Large bone plates grow over parts of your arms.
The rat completely misses you. The giant cockroach barely misses you.
The river rat completely misses you.
The river rat bites you but does no damage.
You hit the river rat.
The river rat is heavily wounded.
You block the giant cockroach's attack. The rat barely misses you.
A giant cockroach comes into view.
You hit the river rat.
The river rat is almost dead.
The giant cockroach bites you but does no damage.
You block the river rat's attack.
The river rat bites you but does no damage.
You block the rat's attack.
You closely miss the river rat.
The river rat is almost dead.
The giant cockroach bites you but does no damage.
The river rat bites you but does no damage. x2
The rat bites you but does no damage.
You barely miss the river rat.
The river rat is almost dead.
The giant cockroach completely misses you.
The river rat bites you but does no damage.
You block the river rat's attack.
You hit the river rat but do no damage.
Lightning courses through the river rat!
You kill the river rat!
The rat bites you but does no damage. The giant cockroach barely misses you.
You barely miss the river rat. You block the river rat's attack.
The rat bites you.
* * * LOW HITPOINT WARNING * * *
The giant cockroach bites you but does no damage.
You hit the river rat but do no damage. The river rat bites you.
You die...

#############
####~.........~###
∆##.~...~..~~.~~..~~
#.♣~.~#########†.~.
#rrB### ###~. #.BJ##
##. #....# #.
.~.~~## #. ~.~~.#
###########† ~.~~~#
∆ #......~.~.. .~~..
∆ #.......†..~
#.~#########


You could see a river rat, an endoplasm, 2 giant cockroaches and a rat.

Vanquished Creatures
  2 bombardier beetles
  4 orc wizards
  Robin (D:4)
  2 river rats (Sewer)
  4 adders
  2 dart slugs
  A ribbon worm (D:2)
  13 orcs
  11 endoplasms
  5 giant cockroaches
  12 goblins
  7 hobgoblins
  2 jackals (D:3)
  6 kobolds
  3 quokkas (D:1)
  10 ball pythons
  6 bats
  5 frilled lizards
  8 rats
104 creatures vanquished.

Notes
Turn   | Place    | Note
-------+----------+-------------------------------------------
     0 | D:1      | jestert79 the Gnoll Wanderer began the quest for the Orb.
     0 | D:1      | jestert79 set off with the following items: a +1 mace, a +0
                  | buckler of protection, a scroll of butterflies, a +0
                  | leather armour.
     0 | D:1      | Reached XP level 1. HP: 17/17 MP: 1/1
   205 | D:1      | Reached XP level 2. HP: 22/23 MP: 2/2
   717 | D:1      | Reached XP level 3. HP: 28/28 MP: 3/3
   908 | D:2      | Reached skill level 1 in Invocations
   949 | D:2      | Reached skill level 1 in Short Blades
   949 | D:2      | Reached skill level 1 in Long Blades
   949 | D:2      | Reached skill level 1 in Axes
   949 | D:2      | Reached skill level 1 in Polearms
   949 | D:2      | Reached skill level 1 in Staves
   949 | D:2      | Reached skill level 1 in Ranged Weapons
   949 | D:2      | Reached skill level 1 in Armour
   949 | D:2      | Reached skill level 1 in Dodging
   949 | D:2      | Reached skill level 1 in Unarmed Combat
   949 | D:2      | Reached skill level 1 in Spellcasting
   949 | D:2      | Reached skill level 1 in Evocations
  1359 | D:2      | Reached skill level 1 in Shapeshifting
  1359 | D:2      | Reached XP level 4. HP: 34/34 MP: 5/5
  1568 | D:3      | Reached skill level 1 in Conjurations
  1568 | D:3      | Reached skill level 1 in Hexes
  1568 | D:3      | Reached skill level 1 in Summonings
  1568 | D:3      | Reached skill level 1 in Necromancy
  1568 | D:3      | Reached skill level 1 in Translocations
  1568 | D:3      | Reached skill level 1 in Fire Magic
  1568 | D:3      | Reached skill level 1 in Ice Magic
  1568 | D:3      | Reached skill level 1 in Air Magic
  1568 | D:3      | Reached skill level 1 in Earth Magic
  1568 | D:3      | Reached skill level 1 in Alchemy
  1738 | D:3      | Reached XP level 5. HP: 39/40 MP: 5/7
  2460 | D:4      | Noticed Robin
  2497 | D:4      | Killed Robin
  2503 | D:4      | Reached XP level 6. HP: 47/47 MP: 8/8
  3049 | D:5      | Entered Level 5 of the Dungeon
  3050 | D:5      | Found a snail-covered altar of Cheibriados.
  3157 | D:5      | Found a glowing drain.
  3184 | Sewer    | Entered a sewer
  3274 | Sewer    | HP: 1/70 [river rat (4)]
  3275 | Sewer    | Gained mutation: You have a pair of small horns on your
                  | head. [potion of mutation]
  3275 | Sewer    | Gained mutation: You are partially covered in large bone
                  | plates. (SH +4) [potion of mutation]
  3281 | Sewer    | HP: 1/70 [rat (1)]
  3282 | Sewer    | Slain by a river rat

Illustrated notes

Levels and vault maps discovered:
D:1:      lightli_arrival_windingriver, layout_basic, minmay_quantized
D:2:      layout_basic
D:3:      layout_loops_ring, grunt_decor_resistance, serial_bayou_ford_a
D:4:      wad_crossroads, layout_basic, uniq_robin
D:5:      layout_loops_ring, dancing_weapons_uskayaw,
          nicolae_overflow_guarded_unrand_okawaru_victory,
          mainiacjoe_overflow_cross_hatched, portal_sewer_entry_b,
          grunt_ministairs_3, sigmund_army, uniq_pikel
Sewer:    sewer_hellmonk_slimy_pipes

Skill      XL: |  1  2  3  4  5  6 |
---------------+-------------------+-----
Invocations    | 1 2 |  2.3
Short Blades   | 1 2 |  2.1
Long Blades    | 1 2 |  2.1
Axes           | 1 2 |  2.1
Polearms       | 1 2 |  2.1
Staves         | 1 2 |  2.1
Ranged Weapons | 1 2 |  2.1
Armour         | 1 2 |  2.1
Dodging        | 1 2 |  2.1
Unarmed Combat | 1 2 |  2.1
Spellcasting   | 1 2 |  2.1
Evocations     | 1 2 |  2.1
Shapeshifting  | 1 |  1.9
Conjurations   | 1 |  1.6
Hexes          | 1 |  1.6
Summonings     | 1 |  1.6
Necromancy     | 1 |  1.6
Translocations | 1 |  1.6
Fire Magic     | 1 |  1.6
Ice Magic      | 1 |  1.6
Air Magic      | 1 |  1.6
Earth Magic    | 1 |  1.6
Alchemy        | 1 |  1.6
Fighting       | 3 |  3.3
Throwing       | 3 |  3.3
Stealth        | 3 |  3.2
Maces & Flails | |  6.9
Shields        | |  8.8

Action                     |  1- 3 |  4- 6 || total
---------------------------+-------+-------++-------
  Melee: Mace              |    23 |       ||    23
         Bite              |     5 |    14 ||    19
         Whip              |    50 |   196 ||   246
    Use: Scroll            |       |     4 ||     4
         Potion            |       |     4 ||     4
   Stab: Sleeping          |     3 |     5 ||     8
         Distracted        |       |     1 ||     1
 Armour: Leather armour    |    23 |   102 ||   125
         Skin              |       |    15 ||    15
  Dodge: Dodged            |    21 |    83 ||   104
  Block: Buckler           |    12 |    55 ||    67
